 Dungeon Sprint DCSS version 0.31.0-9-g3a7656b989 (webtiles) character file.

Game seed: 567420813640356541

888 Heoruswealwe the Spear-Bearer (level 7, -1/73 HPs)
             Began as a Minotaur Fighter on Feb 5, 2024.
             Was an Initiate of Gozag.
             Slain by a hornet (9 damage)
             ... in the Dungeon (Sprint IX: "|||||||||||||||||||||||||||||").
             The game lasted 00:01:09 (107 turns).

Heoruswealwe the Spear-Bearer (Minotaur Fighter)     Turns: 107, Time: 00:01:09

Health: -1/73      AC:  8    Str: 22    XL:     7   Next: 77%
Magic:  6/6        EV:  9    Int:  5    God:    Gozag
Gold:   0          SH:  4    Dex: 10    Spells: 6/6 levels left

rFire   . . .        a - +0 trident
rCold   . . .        d - +0 buckler
rNeg    . . .        c - +0 scale mail
rPois   .            (helmet restricted)
rElec   .            (no cloak)
rCorr   .            (no gloves)
SInv    .            (no boots)
Will    .....        (no amulet) Stlth
                     (no ring)
HPRegen 0.32/turn    (no ring)
MPRegen 0.10/turn

%: no teleportation
@: gold aura
A: horns 2, retaliatory headbutt
a: Renounce Religion, Potion Petition, Call Merchant, Bribe Branch


You were in the Dungeon.
You worshipped Gozag.
Gozag was noncommittal.
You visited 1 branch

Inventory:

Hand Weapons
 a - a +0 trident (weapon)
 k - a +2 halberd of protection
Armour
 c - a +0 scale mail (worn)
 d - a +0 buckler (worn)
Jewellery
 l - a +2 ring of protection
 m - a +2 ring of protection
Wands
 h - a wand of light (10)
Scrolls
 j - 2 scrolls of blinking
Potions
 b - a potion of might
 e - 5 potions of curing
 f - 3 potions of heal wounds
 g - a potion of haste
 i - a potion of berserk rage


   Skills:
 + Level 10.9 Fighting
 * Level 14.4 Polearms
 + Level 10.9 Armour
 - Level 3.6 Shields


You had 6 spell levels left.
You didn't know any spells.
Your spell library was empty.

Dungeon Overview and Level Annotations

Branches:
Dungeon (1/1)

Altars:
Cheibriados
Dithmenos
Elyvilon
Fedhas
Gozag
Hepliaklqana
Kikubaaqudgha
Makhleb
Nemelex Xobeh
Okawaru
Qazlal
Ru
Sif Muna
Trog
Uskayaw
Vehumet
Wu Jian
Xom
Yredelemnul
Zin
The Shining One
Jiyva
Lugonu


Innate Abilities, Weirdness & Mutations

You have a pair of horns on your head.
You reflexively headbutt those who attack you in melee.


Message History

You puncture the two-headed ogre! You headbutt the two-headed ogre.
The two-headed ogre is heavily wounded.
You hit the two-headed ogre. You headbutt the two-headed ogre.
The two-headed ogre is severely wounded.
The orc priest looks braver for a moment.
The two-headed ogre hits you with a +0 giant spiked club.
The two-headed ogre hits you with a +0 giant spiked club!
You barely miss the two-headed ogre. You headbutt the two-headed ogre!
The two-headed ogre is almost dead.
The two-headed ogre completely misses you.
You furiously retaliate!
You headbutt the two-headed ogre, but do no damage.
The two-headed ogre hits you with a +0 giant spiked club!
You hit the two-headed ogre.
Your headbutt misses the two-headed ogre.
The two-headed ogre is almost dead.
You hit the two-headed ogre. You headbutt the two-headed ogre.
You kill the two-headed ogre!
The orc priest calls down the wrath of Beogh upon you.
Beogh smites you!
* * * LOW HITPOINT WARNING * * *
Your Fighting skill gained 3 levels and is now at level 10!
Your Polearms skill gained 4 levels and is now at level 13!
Your Armour skill gained 3 levels and is now at level 10!
You have reached level 6!
You have reached level 7!
You puncture the shadow! Your headbutt misses the shadow.
The shadow is almost destroyed.
The shadow hits you.
* * * LOW HITPOINT WARNING * * *
You hit the shadow but do no damage. Your headbutt misses the shadow.
The shadow is almost destroyed.
You puncture the shadow!
You destroy the shadow!
Your Polearms skill increases to level 14!
You hit the hornet. You headbutt the hornet!
The hornet is heavily wounded.
The hornet stings you!
You die...
Your body crumbles into a pile of gold.

▓.▓
▓.▓
▓y▓
▓o▓
▓.▓
▓.▓
▓y▓
▓@▓
▓.▓
▓[▓
▓[▓
▓[▓
▓.▓
▓)▓
▓?▓
▓!▓


You could see a hornet, a killer bee and an orc priest.

Vanquished Creatures
  A two-headed ogre (D)
  A shadow (D)
  A scorpion (D)
  3 iguanas (D)
  An adder (D)
  2 endoplasms (D)
  A goblin (D)
  A jackal (D)
  A kobold (D)
12 creatures vanquished.

Notes
Turn   | Place    | Note
-------+----------+-------------------------------------------
     0 | D        | Heoruswealwe the Minotaur Fighter began the quest for the
                  | Orb.
     0 | D        | Reached XP level 1. HP: 19/19 MP: 0/0
     5 | D        | Reached skill level 3 in Polearms
    21 | D        | Noticed an iguana
    21 | D        | Noticed a scorpion
    21 | D        | Noticed an iguana
    21 | D        | Noticed an iguana
    30 | D        | Killed an iguana
    31 | D        | Reached skill level 5 in Fighting
    31 | D        | Reached skill level 5 in Polearms
    31 | D        | Reached skill level 5 in Armour
    31 | D        | Reached XP level 2. HP: 19/29 MP: 1/1
    31 | D        | Reached XP level 3. HP: 24/36 MP: 2/2
    37 | D        | Reached skill level 6 in Polearms
    38 | D        | Killed a scorpion
    39 | D        | Reached skill level 8 in Polearms
    39 | D        | Reached XP level 4. HP: 29/45 MP: 3/3
    43 | D        | Reached skill level 9 in Polearms
    43 | D        | Reached XP level 5. HP: 29/52 MP: 4/4
    49 | D        | Found a snail-covered altar of Cheibriados.
    49 | D        | Found a shadowy altar of Dithmenos.
    49 | D        | Found a white marble altar of Elyvilon.
    49 | D        | Found a blossoming altar of Fedhas.
    49 | D        | Found an opulent altar of Gozag.
    50 | D        | Found a hazy altar of Hepliaklqana.
    51 | D        | Found a viscous altar of Jiyva.
    52 | D        | Found an ancient bone altar of Kikubaaqudgha.
    53 | D        | Found a corrupted altar of Lugonu.
    54 | D        | Found a burning altar of Makhleb.
    55 | D        | Found a sparkling altar of Nemelex Xobeh.
    56 | D        | Found an iron altar of Okawaru.
    57 | D        | Became a worshipper of Gozag Ym Sagoz the Greedy
    58 | D        | Found a stormy altar of Qazlal.
    59 | D        | Found a sacrificial altar of Ru.
    60 | D        | Found a shimmering blue altar of Sif Muna.
    61 | D        | Found a bloodstained altar of Trog.
    62 | D        | Found a hide-covered altar of Uskayaw.
    63 | D        | Found a radiant altar of Vehumet.
    64 | D        | Found an ornate altar of the Wu Jian Council.
    65 | D        | Found a shimmering altar of Xom.
    66 | D        | Found a basalt altar of Yredelemnul.
    67 | D        | Found a glowing silver altar of Zin.
    68 | D        | Found a glowing golden altar of the Shining One.
    94 | D        | Noticed a hornet
    94 | D        | Noticed a two-headed ogre
    94 | D        | Noticed a shadow
   103 | D        | Killed a two-headed ogre
   104 | D        | Reached skill level 10 in Fighting
   104 | D        | Reached skill level 13 in Polearms
   104 | D        | Reached skill level 10 in Armour
   104 | D        | Reached XP level 6. HP: 8/67 MP: 5/5
   104 | D        | Reached XP level 7. HP: 8/73 MP: 6/6
   106 | D        | Killed a shadow
   107 | D        | Reached skill level 14 in Polearms
   107 | D        | Slain by a hornet

Illustrated notes

Levels and vault maps discovered:
D:        linesprint [early_d, line_temple, items_1, d_10, items_2, lair_1,
          lair_end, items_3, orc_1, orc_end, items_4, d_15, swamp_1, shoals_1,
          snake_1, spider_1, d_20, vaults_1, items_5, swamp_end, shoals_end,
          snake_end, spider_end, vaults_end, d_27, items_6, zot_1, zot_end,
          crypt_end, forest_end, elf_end, slime_end, tomb_end, abyss_end,
          pan_hell_end]

Skill      XL: |  1  2  3  4  5  6  7 |
---------------+----------------------+-----
Polearms       | 5 8 9 13 14 | 14.4
Fighting       | 5 6 7 10 | 10.9
Armour         | 5 6 7 10 | 10.9
Shields        | |  3.6

Action                     |  1- 3 |  4- 6 |  7- 9 || total
---------------------------+-------+-------+-------++-------
  Melee: Trident           |    22 |    13 |     4 ||    39
         Headbutt          |     2 |     6 |     1 ||     9
 Armour: Scale mail        |     6 |     4 |     2 ||    12
  Dodge: Dodged            |    10 |     5 |       ||    15
  Block: Buckler           |     6 |       |       ||     6
